 Dungeon Crawl Stone Soup version 0.20-a0-754-g13ddd6e (webtiles) character file.

129187 Gorglomux the Axe Maniac (level 17, -4/134 HPs)
             Began as a Hill Orc Berserker on Feb 25, 2017.
             Was a High Priest of Trog.
             Killed from afar by tsouns's ghost (37 damage)
             ... with a bolt of negative energy
             ... on level 2 of the Spider Nest.
             The game lasted 01:04:20 (26895 turns).

Gorglomux the Axe Maniac (Hill Orc Berserker)      Turns: 26895, Time: 01:04:21

Health: -4/134     AC: 22    Str: 27    XL:     17   Next: 5%
Magic:  5/5        EV: 22    Int:  7    God:    Trog [*****.]
Gold:   2288       SH:  3    Dex: 19    Spells: 16/16 levels left

rFire    + + +     SeeInvis +   D - +7 executioner's axe (antimagic) {god gift}
rCold    . . .     Gourm    .   h - +4 fire dragon scales
rNeg     . . .     Faith    .   (shield currently unavailable)
rPois    .         Spirit   .   (helmet restricted)
rElec    +         Reflect  +   Y - scarf {rC+ rF+}
rCorr    +         Harm     .   x - +1 pair of gloves
MR       +++..                  s - +2 pair of boots
Stlth    ++........             r - +3 amulet of reflection
Regen    1.4/turn               g - ring of resist corrosion
MPRegen  0.1/turn               W - ring of Zaupebb {rF+ Dex+4 SInv Stlth+}

@: agile, exhausted, regenerating, slowed, drained, very slow
A: horns 1, frail 1, screaming 1, electricity resistance, sturdy frame 1
a: Berserk, Trog's Hand, Brothers in Arms, Burn Spellbooks, Renounce Religion


You were on level 2 of the Spider Nest.
You worshipped Trog.
Trog was extremely pleased with you.
You were very hungry.

You visited 4 branches of the dungeon, and saw 25 of its levels.

You collected 2729 gold pieces.
You spent 441 gold pieces at shops.

Inventory:

Hand Weapons
 D - a +7 antimagic executioner's axe (weapon) {god gift}
Missiles
 Z - 4 throwing nets (quivered)
Armour
 h - +4 fire dragon scales (worn)
 s - a +2 pair of boots (worn)
 x - a +1 pair of gloves (worn)
 Y - a scarf of resistance (worn)
Jewellery
 g - a ring of resist corrosion (right hand)
 r - a +3 amulet of reflection (around neck)
 v - a +5 ring of strength
 W - the ring of Zaupebb (left hand) {rF+ Dex+4 SInv Stlth+}
   (You found it on level 14 of the Dungeon)

   [ring of see invisible]

   It affects your dexterity (+4).
   It protects you from fire.
   It lets you see invisible.
   It makes you more stealthy.
Wands
 A - a wand of acid (7/15)
 J - a wand of disintegration (1/24)
 O - a wand of clouds (2/9)
 P - a wand of paralysis (3/24)
 S - a wand of scattershot (4/9)
Scrolls
 j - a scroll of summoning
 m - 9 scrolls of remove curse
 u - 6 scrolls of fog
 w - 3 scrolls of recharging
 y - 3 scrolls of fear
 B - 2 scrolls of blinking
 F - a scroll of enchant weapon
 K - a scroll of brand weapon {unknown}
 M - 3 scrolls of magic mapping
 Q - a scroll of immolation
 R - 2 scrolls of identify
 T - 7 scrolls of teleportation
Potions
 d - a potion of agility
 i - a potion of ambrosia
 l - 4 potions of magic
 p - 9 potions of curing
 q - 5 potions of invisibility
 C - 9 potions of lignification
 H - 2 potions of heal wounds
 I - 3 potions of flight
 L - a potion of brilliance
 N - 2 potions of berserk rage
 U - 3 potions of might
 V - a potion of haste
Miscellaneous
 e - a lightning rod (4/4)
 X - a phial of floods
Comestibles
 c - 22 bread rations
 z - 27 fruits
 E - 10 meat rations
 G - 3 royal jellies


   Skills:
 + Level 13.0(12.1) Fighting
 O Level 27(25.8) Axes
 + Level 11.8(11.0) Armour
 + Level 9.4(8.6) Dodging


You had 16 spell levels left.
You didn't know any spells.

Dungeon Overview and Level Annotations

Branches:
Dungeon (15/15)            Temple (0/1) D:7            Lair (6/6) D:8
 Shoals (0/4) Lair:4       Spider (2/4) Lair:4        Slime (0/5) Lair:6
    Orc (2/2) D:10            Elf (0/3) Orc:2        Vaults (0/5) D:13
 Depths (0/5) D:15

Altars:
Ashenzari
Cheibriados
Gozag
Hepliaklqana
Makhleb
Nemelex Xobeh
Okawaru
Qazlal
Ru
Sif Muna
Trog
Uskayaw
Vehumet
Wu Jian
Yredelemnul
Zin
The Shining One
Beogh

Shops:
D:5 %=[   Orc:1 !   Orc:2 (:[*

Portals:
Hell: Lair:6

Annotations:
Spider:2 tsouns's ghost, adept DrGl
Orc:1 Fannar
Abyss:1 Joseph


Innate Abilities, Weirdness & Mutations

You have a pair of small horns on your head.
You are frail. (-10% HP)
You occasionally shout uncontrollably at your foes.
You are resistant to electric shocks. (rElec)
Your movements are slightly less encumbered by armour. (ER -2)


Message History

You slice the wolf spider!!
You kill the wolf spider!
Trog accepts your kill.
You closely miss the jumping spider.
You feel very sick.
The jumping spider pounces on you but does no damage.
The jumping spider bites you but does no damage.
You slice the jumping spider!!
You kill the jumping spider!
Trog accepts your kill.
Your Fighting skill increases to level 13!
You feel sick.
The jumping spider leaps!
Okay, then.
You feel better.
You feel agile all of a sudden.
The jumping spider completely misses you.
The jumping spider barely misses you.
Tsouns's ghost breathes negative energy at you.
The bolt of negative energy hits you!
You feel drained.
You die...

............#...#..#
...........>..#.....
..#..#....#........
.........†...........
....#.##..†.........#
#.....^.W†#......#..
##...#<..†....#.....
.........##^.........
#...........@†^##...
.#.###.....s#†....#
.. ..#.#.....#...#
...........#....#
......^#..#. ...#
....#..#.[#. ....#
#....... .# ...#
....#.. .. ....


You could see a jumping spider and tsouns's ghost.

Vanquished Creatures
  Rupert (D:14)
  A frost giant (D:13)
  The ghost of HEYYEYAAE the Basher, a journeyman TrBe of Trog (D:15)
  An orc warlord (Orc:2)
  An emperor scorpion (Spider:2)
  2 entropy weavers (Spider:1)
  A stone giant (Orc:1)
  Nessos (Lair:4)
  Snorg (D:11)
  An ettin (D:15)
  The ghost of Gorglomux the Severer, a journeyman HOBe of Trog (D:10)
  A fire dragon (D:13)
  A yaktaur captain (D:13)
  8 hydras
  3 catoblepae
  3 death knights
  2 centaur warriors
  An ogre mage (D:15)
  A tengu warrior (D:15)
  11 two-headed ogres
  8 death yaks
  Urug (Lair:3)
  3 orc high priests (Orc:2)
  A deep elf knight (D:15)
  The ghost of Malvoorn the Carver, a novice DrBe of Trog (D:8)
  A sixfirhy (Lair:6)
  A skeletal warrior (D:15)
  2 wizards
  2 unseen horrors
  2 wolf spider zombies
  A phantasmal warrior (D:15)
  2 orc knights (Orc:2)
  3 lindwurms (Lair:2)
  4 orb spiders
  4 orc sorcerers
  11 ugly things
  10 wolf spiders
  A deep elf mage (D:15)
  A manticore (D:14)
  A faun (shapeshifter) (D:13)
  A moth of wrath (Spider:1)
  5 elephants
  3 centaur zombies
  6 cyclopes
  An elephant (shapeshifter) (D:13)
  5 black mambas
  A smoke demon (Lair:6)
  9 spiny frogs
  2 gargoyles
  A torpor snail (Lair:2)
  7 kobold demonologists
  5 demonic crawlers
  3 komodo dragons
  4 rime drakes
  3 ice devils (Lair:6)
  2 freezing wraiths (D:15)
  An efreet (D:13)
  3 red devils (Lair:6)
  A tengu conjurer (D:14)
  13 jumping spiders
  A wind drake (shapeshifter) (D:13)
  A polar bear (Lair:6)
  2 hornets
  11 trolls
  11 hippogriffs
  Grinder (D:5)
  20 blink frogs
  A slime creature (D:13)
  A snapping turtle (Lair:4)
  A shadow (D:13)
  A wyvern (D:15)
  Sigmund (D:2)
  30 redbacks
  15 tarantellas
  2 vampires
  4 wraiths
  5 basilisks
  A steam dragon (D:13)
  2 vampire mosquitoes (D:12)
  30 yaks
  4 hungry ghosts
  A soldier ant (D:14)
  3 wargs
  Duvessa (D:5)
  3 acid dragons
  3 hell hounds (Lair:6)
  7 porcupines
  2 two-headed ogre zombies (D:10)
  12 water moccasins
  37 orc warriors
  A phantom (D:4)
  6 sky beasts
  3 ice beasts
  5 black bears
  2 necrophages
  14 ogres
  7 wolves (Lair:2)
  10 centaurs
  10 crocodiles
  7 big kobolds
  Blork the orc (D:4)
  21 bullfrogs
  2 gnoll sergeants (D:6)
  Dowan (D:5)
  A wyvern zombie (D:10)
  8 scorpions
  A troll zombie (D:10)
  A water moccasin skeleton (D:9)
  2 wights (D:13)
  2 howler monkeys
  An electric eel (Lair:3)
  6 crimson imps
  A bullfrog zombie (D:9)
  A quasit (D:13)
  9 jellies
  3 bullfrog skeletons
  2 gnoll shamans (D:6)
  7 hounds
  28 orc priests
  4 centaur skeletons
  38 orc wizards
  5 iguanas
  Ijyb (D:3)
  9 hell rats (Lair:3)
  9 worker ants
  5 ogre zombies (D:10)
  A hound zombie (D:6)
  A worker ant zombie (D:9)
  15 gnolls
  A howler monkey skeleton (D:4)
  17 adders
  3 shadow imps
  An ooze (D:1)
  2 adder skeletons
  2 worms
  2 dart slugs
  7 leopard geckos
  122 orcs
  4 giant cockroaches
  22 goblins
  17 hobgoblins
  14 jackals
  5 quokkas
  3 ball pythons
  6 bats
  A frilled lizard (D:4)
  A giant cockroach zombie (D:5)
  A goblin skeleton (D:10)
  3 goblin zombies (D:10)
  A hobgoblin skeleton (D:10)
  6 hobgoblin zombies (D:10)
  A jackal zombie (D:6)
  29 kobolds
  2 orc skeletons (D:10)
  12 orc zombies (D:10)
  15 rats
  A butterfly (Lair:6)
  5 fungi
  2 plants (Lair:5)
952 creatures vanquished.

Vanquished Creatures (collateral kills)
  3 death yaks (D:8)
  The ghost of Ferkelamun the Summoner, a journeyman DESu of Ru (Lair:1)
  2 orc sorcerers (Orc:2)
  A spiny frog (Lair:1)
  2 blink frogs (Lair:4)
  3 porcupines (D:8)
  4 orc warriors (Orc:2)
  A phantom (D:8)
  A sky beast (D:8)
  4 orc priests (Orc:2)
  A centaur zombie (D:8)
  2 orc wizards (Orc:2)
  2 hell rats (D:8)
  A river rat (D:8)
  An adder zombie (D:8)
  3 orcs
  2 rats (D:8)
34 creatures vanquished.

Vanquished Creatures (others)
  A death yak (Lair:3)
  A lindwurm (Lair:2)
  2 orc knights (Orc:2)
  A black mamba (Lair:3)
  A troll (D:9)
  A blink frog (Lair:1)
  2 yaks
  An orc warrior (Orc:2)
  2 ogres (D:9)
  A centaur zombie (D:9)
  An orc wizard (Orc:1)
  An orc (Orc:1)
  A goblin (D:7)
  A bush (Lair:1)
  4 fungi
  2 plants (Lair:1)
23 creatures vanquished.

Grand Total: 1009 creatures vanquished

Notes
Turn   | Place    | Note
-------+----------+-------------------------------------------
     0 | D:1      | Gorglomux the Hill Orc Berserker began the quest for the Orb.
     0 | D:1      | Reached XP level 1. HP: 19/19 MP: 1/1
     4 | D:1      | Noticed an electric eel
     4 | D:1      | Noticed an electric eel
   161 | D:1      | Reached XP level 2. HP: 24/26 MP: 2/2
   177 | D:1      | Reached skill level 5 in Axes
   403 | D:1      | Reached XP level 3. HP: 24/31 MP: 3/3
   917 | D:2      | Reached skill level 6 in Axes
  1051 | D:2      | Noticed Sigmund
  1065 | D:2      | Killed Sigmund
  1065 | D:2      | Reached skill level 8 in Axes
  1065 | D:2      | Reached XP level 4. HP: 39/39 MP: 4/4
  1065 | D:2      | Reached XP level 5. HP: 45/45 MP: 5/5
  1081 | D:2      | You fall through a shaft!
  1093 | D:3      | Reached ** piety under Trog
  1194 | D:3      | Noticed Ijyb
  1219 | D:3      | Killed Ijyb
  1219 | D:3      | Reached XP level 6. HP: 51/51 MP: 6/6
  1949 | D:3      | Reached skill level 9 in Axes
  2760 | D:4      | Reached skill level 10 in Axes
  2760 | D:4      | Reached XP level 7. HP: 54/57 MP: 7/7
  2783 | D:4      | Noticed Blork the orc
  2795 | D:4      | Killed Blork the orc
  2795 | D:4      | Reached *** piety under Trog
  2893 | D:4      | Found a glowing golden altar of the Shining One.
  2895 | D:4      | Found a sparkling altar of Nemelex Xobeh.
  2909 | D:4      | Found a hazy altar of Hepliaklqana.
  2910 | D:4      | Found a sacrificial altar of Ru.
  2913 | D:4      | Found a basalt altar of Yredelemnul.
  2920 | D:4      | Reached skill level 11 in Axes
  2921 | D:4      | Found an iron altar of Okawaru.
  3476 | D:4      | Reached XP level 8. HP: 64/64 MP: 8/8
  3490 | D:4      | Reached skill level 12 in Axes
  3844 | D:5      | Entered Level 5 of the Dungeon
  3853 | D:4      | Gained mutation: Scrolls take you a little longer to read. [potion of mutation]
  3853 | D:4      | Gained mutation: Your body sometimes deteriorates upon taking damage. [potion of mutation]
  3853 | D:4      | Gained mutation: You are robust. (+10% HP) [potion of mutation]
  3886 | D:5      | Noticed Duvessa
  3887 | D:5      | Noticed Dowan
  3890 | D:5      | Found a burning altar of Makhleb.
  3894 | D:5      | Killed Duvessa
  3895 | D:5      | Killed Dowan
  4056 | D:5      | Reached skill level 13 in Axes
  4167 | D:5      | Found Tudy's Antique Armour Boutique.
  4170 | D:5      | Bought an embroidered scarf for 144 gold pieces
  4205 | D:5      | Reached **** piety under Trog
  4300 | D:5      | Found Dif Bol's Jewellery Shop.
  4427 | D:5      | Found Poyhehos's Food Shoppe.
  4435 | D:5      | Noticed Grinder
  4443 | D:5      | Killed Grinder
  4498 | D:5      | Found a deep blue altar of Sif Muna.
  4685 | D:6      | Received a gift from Trog
  4691 | D:6      | Reached skill level 14 in Axes
  4734 | D:6      | Found a radiant altar of Vehumet.
  4749 | D:6      | Reached XP level 9. HP: 77/77 MP: 9/9
  4830 | D:6      | Found an opulent altar of Gozag.
  4831 | D:6      | Found a glowing silver altar of Zin.
  4975 | D:6      | Reached skill level 15 in Axes
  5265 | D:6      | Reached ***** piety under Trog
  5282 | D:6      | Reached skill level 16 in Axes
  5679 | D:6      | Found an ornate altar of the Wu Jian Council.
  6011 | D:7      | Found a staircase to the Ecumenical Temple.
  6099 | D:7      | Reached skill level 3 in Armour
  6304 | D:7      | Received a gift from Trog
  6399 | D:7      | Found a hide-covered altar of Uskayaw.
  6654 | D:7      | Reached XP level 10. HP: 88/88 MP: 10/10
  6809 | D:8      | Reached skill level 3 in Dodging
  6931 | D:8      | Noticed a two-headed ogre
  6938 | D:8      | Killed a two-headed ogre
  6949 | D:8      | Reached skill level 6 in Fighting
  7094 | D:8      | Noticed a two-headed ogre
  7120 | D:8      | Killed a two-headed ogre
  7198 | D:8      | Reached skill level 6 in Armour
  7328 | D:8      | Noticed a death yak
  7329 | D:8      | Noticed a death yak
  7329 | D:8      | Found a staircase to the Lair.
  7329 | D:8      | Noticed a death yak
  7336 | D:8      | Killed a death yak
  7340 | D:8      | Killed a death yak
  7348 | D:8      | Reached XP level 11. HP: 91/103 MP: 11/11
  7350 | D:8      | Killed a death yak
  7559 | D:8      | Noticed Malvoorn's ghost (novice DrBe)
  7569 | D:8      | Killed Malvoorn's ghost
  7743 | D:8      | Found a stormy altar of Qazlal.
  7744 | D:8      | Found a snail-covered altar of Cheibriados.
  7789 | D:8      | Noticed a two-headed ogre
  7798 | D:8      | Killed a two-headed ogre
  8047 | D:9      | Found a shattered altar of Ashenzari.
  8047 | D:9      | Noticed Joseph
  8056 | D:9      | Banished Joseph
  8056 | D:9      | Reached skill level 9 in Fighting
  8123 | D:9      | Noticed a two-headed ogre
  8154 | D:9      | Killed a two-headed ogre
  8154 | D:9      | Reached skill level 6 in Dodging
  8401 | D:9      | Noticed a two-headed ogre
  8404 | D:9      | Killed a two-headed ogre
  8584 | D:9      | Noticed a moth of wrath
  8587 | D:9      | Found a bloodstained altar of Trog.
  8776 | D:10     | Entered Level 10 of the Dungeon
  8788 | D:10     | Noticed Gorglomux's ghost (journeyman HOBe)
  8952 | D:10     | Killed Gorglomux's ghost
  9045 | D:10     | Reached skill level 9 in Armour
  9047 | D:10     | Received a gift from Trog
  9048 | D:10     | Found a staircase to the Orcish Mines.
  9108 | D:10     | Lost mutation: Your body sometimes deteriorates upon taking damage. [potion of mutation]
  9108 | D:10     | Lost mutation: You are robust. (+10% HP) [potion of mutation]
  9108 | D:10     | Lost mutation: Scrolls take you a little longer to read. [potion of mutation]
  9108 | D:10     | Gained mutation: You occasionally shout uncontrollably at your foes. [potion of mutation]
  9108 | D:10     | Gained mutation: Scrolls take you a little longer to read. [potion of mutation]
  9108 | D:10     | Gained mutation: You evolve. [potion of mutation]
  9452 | D:10     | Reached XP level 12. HP: 102/106 MP: 12/12
  9534 | D:10     | Lost mutation: Scrolls take you a little longer to read. [evolution]
  9714 | Orc:1    | Entered Level 1 of the Orcish Mines
  9976 | Orc:1    | Found Guenoxege's Distillery.
 10092 | Orc:1    | Received a gift from Trog
 10232 | Orc:2    | Entered Level 2 of the Orcish Mines
 10293 | Orc:2    | Found a staircase to the Elven Halls.
 10383 | Orc:2    | Found Nehadyng's Jewellery Shop.
 10393 | Orc:2    | Noticed an orc high priest
 10394 | Orc:2    | Noticed an orc high priest
 10396 | Orc:2    | Noticed an orc warlord
 10453 | Orc:2    | HP: 7/165 [orc warlord/uncursed war axe of draining (6)]
 10454 | Orc:2    | Killed an orc warlord
 10456 | Orc:2    | Killed an orc high priest
 11007 | Orc:2    | Found a roughly hewn altar of Beogh.
 11168 | Orc:2    | Noticed an orc high priest
 11176 | Orc:2    | Killed an orc high priest
 11188 | Orc:2    | Noticed an orc high priest
 11188 | Orc:2    | Found Icoitz's Antique Armour Shop.
 11190 | Orc:2    | Found Lopuwolo's Antique Weapon Boutique.
 11191 | Orc:2    | Noticed a soul eater
 11202 | Orc:2    | Found Rapremar's General Store.
 11202 | Orc:2    | Found Teaclur's Book Shop.
 11228 | Orc:2    | Bought a potion of haste for 170 gold pieces
 11228 | Orc:2    | Bought a scroll of enchant weapon for 127 gold pieces
 11569 | Orc:2    | Paralysed by an orc sorcerer for 5 turns
 11577 | Orc:2    | Gained mutation: You tend to lose your temper in combat. [a neqoxec]
 11589 | Orc:2    | Noticed a sun demon
 11595 | Orc:2    | Killed an orc high priest
 11595 | Orc:2    | Reached skill level 12 in Fighting
 12182 | Orc:1    | Noticed Fannar
 12183 | Orc:1    | Noticed a stone giant
 12196 | Orc:1    | Killed a stone giant
 12196 | Orc:1    | Reached XP level 13. HP: 118/118 MP: 13/13
 12236 | Orc:1    | You fall through a shaft!
 12378 | Lair:1   | Entered Level 1 of the Lair of Beasts
 12378 | Lair:1   | Noticed Ferkelamun's ghost (journeyman DESu)
 12383 | D:8      | Reached skill level 9 in Dodging
 12820 | Lair:1   | Killed Ferkelamun's ghost
 12851 | Lair:1   | Received a gift from Trog
 12865 | Lair:1   | Reached skill level 17 in Axes
 13879 | Lair:2   | Reached skill level 18 in Axes
 14128 | Lair:2   | Gained mutation: You are resistant to electric shocks. (rElec) [evolution]
 14228 | Lair:3   | Reached skill level 19 in Axes
 14244 | Lair:3   | Reached XP level 14. HP: 89/127 MP: 14/14
 14745 | Lair:3   | Noticed Urug
 14767 | Lair:3   | Killed Urug
 15069 | Lair:4   | Noticed Nessos
 15078 | Lair:4   | Received a gift from Trog
 15082 | Lair:4   | Killed Nessos
 15089 | Lair:4   | Reached skill level 20 in Axes
 15552 | Lair:4   | Found a hole to the Spider Nest.
 15656 | Lair:4   | Gained mutation: Scrolls take you a little longer to read. [mutagenic glow]
 15731 | Lair:4   | Found a staircase to the Shoals.
 15900 | Lair:4   | Gained mutation: You have a pair of small horns on your head. [evolution]
 15900 | Lair:4   | Lost mutation: You evolve. [end of evolution]
 16262 | Lair:5   | Reached skill level 21 in Axes
 17211 | Lair:6   | Entered Level 6 of the Lair of Beasts
 17344 | Lair:6   | Found a staircase to the Slime Pits.
 17713 | Lair:6   | Reached skill level 22 in Axes
 17856 | Lair:6   | Received a gift from Trog
 17939 | Lair:6   | Found a burning altar of Makhleb.
 18021 | Lair:6   | Reached XP level 15. HP: 42/134 MP: 5/15
 18466 | Lair:6   | Found a gateway to Hell.
 18589 | Lair:6   | Got a pitted buckler
 19103 | D:11     | Noticed Snorg
 19116 | D:11     | Killed Snorg
 19818 | D:12     | Reached skill level 23 in Axes
 20387 | D:13     | Found a gate to the Vaults.
 20429 | D:13     | Received a gift from Trog
 20791 | D:13     | Noticed a frost giant
 20802 | D:13     | Killed a frost giant
 20994 | D:13     | Reached skill level 24 in Axes
 21681 | D:14     | Noticed Rupert
 21699 | D:14     | Killed Rupert
 22034 | D:14     | Got a warped granite ring
 22305 | D:14     | Reached skill level 25 in Axes
 22317 | D:14     | Reached XP level 16. HP: 141/141 MP: 5/16
 22524 | D:14     | Received a gift from Trog
 22687 | D:15     | Entered Level 15 of the Dungeon
 22893 | D:15     | Noticed HEYYEYAAE's ghost (journeyman TrBe)
 22904 | D:15     | Killed HEYYEYAAE's ghost
 22904 | D:15     | Received a gift from Trog
 23064 | D:15     | Got a jewelled battleaxe {god gift}
 23065 | D:15     | Identified the +10 battleaxe of an ice cave {god gift, freeze, +Rage Str+3} (Trog gifted it to you on level 15 of the Dungeon)
 23282 | D:15     | Found a staircase to the Depths.
 23295 | D:15     | Paralysed by an orc sorcerer for 4 turns
 23370 | D:15     | Identified the ring of Zaupebb {rF+ Dex+4 SInv Stlth+} (You found it on level 14 of the Dungeon)
 23437 | D:15     | Lost mutation: You tend to lose your temper in combat. [potion of mutation]
 23437 | D:15     | Lost mutation: Scrolls take you a little longer to read. [potion of mutation]
 23437 | D:15     | Gained mutation: You are frail. (-10% HP) [potion of mutation]
 23437 | D:15     | Gained mutation: Your movements are slightly less encumbered by armour. (ER -2) [potion of mutation]
 23814 | D:15     | Reached skill level 26 in Axes
 25204 | Spider:1 | Entered Level 1 of the Spider Nest
 25313 | Spider:1 | Received a gift from Trog
 26228 | Spider:1 | Reached skill level 27 in Axes
 26867 | Spider:2 | Reached XP level 17. HP: 133/133 MP: 5/17
 26892 | Spider:2 | Noticed tsouns's ghost (adept DrGl)
 26895 | Spider:2 | Killed from afar by tsouns's ghost

Vault maps used:
D:1:      arrival_aquarium_b
D:2:      minmay_wonky_spiral, uniq_sigmund
D:3:      kennysheep_goblin_castle
D:4:      minitemple, serial_bayou_pond_a, uniq_blork_the_orc
D:5:      corexii_shack_village, bloody_makhleb, serial_shops,
          kennysheep_little_box, kennysheep_mini_moat, shop_fountains,
          first_bread, lemuel_blue_sif_altar, uniq_grinder, uniq_duvessa
D:6:      kennysheep_housing_project, grunt_temple_overflow_gold_and_silver,
          old_standard_altar, old_standard_altar
D:7:      corexii_shantytown, minmay_temple_entry_statues_pillars, basic_altar,
          minmay_holes
D:8:      nicolae_overflow_hidden_temple, dpeg_lair_monsters
D:9:      basic_altar, grunt_ogre_cave, tgw_trog, uniq_joseph
D:10:     zombieorc2_lemuel
D:11:     uniq_snorg
D:13:     evilmike_diamond_1, david_vaults_4
D:14:     serial_park_tiny_pond, uniq_rupert
D:15:     hangedman_depths_entry_civil_slaughter, minivault_4
Lair:1:   beast_lair_carwin_10, grunt_megastairs_2
Lair:2:   minmay_lindwurm_lava
Lair:3:   nicolae_quartered_pool_super, uniq_urug
Lair:4:   minmay_shoals_entry_hut, nicolae_spider_entry_orb_guardian,
          infiniplex_staircase_pool, uniq_nessos
Lair:5:   beast_lair_carwin_5
Lair:6:   evil_forest, minmay_slime_entry_pillars, lemuel_fruit_fields,
          lemuel_fruit_tree
Spider:2: uniq_arachne
Orc:1:    serial_shops, nicolae_shop_temple_entry_statues_fountains, uniq_fannar
Orc:2:    st_orc_congregation, serial_shops, shop, basic_altar

Skill      XL: |  1  2  3  4  5  6  7  8  9 10 11 12 13 14 15 16 17 |
---------------+----------------------------------------------------+-----
Axes           | 5 8 10 11 14 16 19 22 25 27 | 27.0
Fighting       | 4 7 10 12 13 | 13.0
Dodging        | 2 5 7 8 9 |  9.4
Armour         | 3 6 9 11 | 11.8

Action                   |  1- 3 |  4- 6 |  7- 9 | 10-12 | 13-15 | 16-18 || total
-------------------------+-------+-------+-------+-------+-------+-------++-------
Melee: Hand axe          |   101 |   145 |    67 |       |       |       ||   313
       War axe           |       |       |   405 |       |       |       ||   405
       Battleaxe         |       |       |    22 |   554 |   323 |    28 ||   927
       Executioner's axe |       |       |       |       |   482 |   330 ||   812
       Headbutt          |       |       |       |       |   120 |    81 ||   201
 Fire: Hunting sling     |       |    17 |    11 |       |       |       ||    28
       Blowgun           |       |       |     3 |       |       |       ||     3
Invok: Berserk           |     2 |     2 |    12 |    19 |    21 |     6 ||    62
       Burn Spellbooks   |       |       |     1 |     1 |     5 |     2 ||     9
       Brothers in Arms  |       |       |       |     7 |     3 |       ||    10
       Trog's Hand       |       |       |       |     8 |    10 |     3 ||    21
Evoke: Wand              |       |       |       |       |     5 |       ||     5
  Use: Potion            |     1 |       |     1 |     3 |     1 |     6 ||    12
       Scroll            |       |       |    14 |     9 |    16 |     3 ||    42
 Stab: Petrified         |       |       |       |       |     3 |       ||     3
       Petrifying        |       |       |       |       |     1 |       ||     1
  Eat: Chunk             |     1 |     8 |    25 |    38 |    56 |    19 ||   147
       Fruit             |       |       |     3 |       |       |       ||     3
       Royal jelly       |       |       |       |     3 |     1 |     1 ||     5
Armor: Animal skin       |     2 |       |       |       |       |       ||     2
       Chain mail        |    40 |    66 |   206 |   218 |   365 |       ||   895
       Fire dragon scale |       |       |       |       |    36 |   211 ||   247
Dodge: Dodged            |    42 |    42 |   149 |   220 |   463 |   312 ||  1228
Block: Other             |       |     3 |    50 |    51 |    95 |    49 ||   248
       Reflection        |       |       |     2 |     5 |     3 |     7 ||    17
